Map: World of Sleepers LE

Players

INnoVation - Winner!

  • Race: Terran Terran
  • Spawn Location: 7:00

Harstem

  • Race: Protoss Protoss
  • Spawn Location: 1:00

Event: NationWars 2019

VOD

Have the link to the VOD?

Description

Time

  • Played on: Nov. 12, 2019, 3:05 p.m.
  • Length: 7:17

All games in this series

Show
View Real Time Build Order
Export as new Build Order

INnoVation Terran - Winner!

Build Orders: Reaper Expand 

Get SALT Encoding   

  12  0:01  SCV  
  13  0:13  SCV  
  14  0:17  Supply Depot  
  14  0:25  SCV  
  15  0:38  SCV  
  15  0:40  Barracks  
  16  0:43  Refinery  
  16  0:50  SCV  
  17  1:02  SCV  
  18  1:15  SCV  
  19  1:27  Orbital Command, Reaper  
  20  1:40  Command Center  
  20  1:50  Supply Depot  
  20  1:53  SCV  
  21  1:59  Marine  
  22  2:05  SCV  
  23  2:08  Factory  
  23  2:14  Refinery  
  23  2:17  SCV  
  23  2:21  Barracks Reactor  
  24  2:29  SCV  
  25  2:41  SCV  
  26  2:52  Orbital Command  
  26  2:53  SCV, Starport  
  26  2:57  Marine x2, Widow Mine  
  31  3:05  SCV  
  32  3:15  Marine x2  
  32  3:18  SCV x2, Widow Mine  
  38  3:23  Supply Depot  
  38  3:29  Medivac  
  38  3:32  SCV x2  
  38  3:33  Marine x2  
  44  3:36  Barracks  
  44  3:40  Widow Mine  
  46  3:45  Supply Depot  
  46  3:48  SCV x2  
  48  3:53  Marine x2  
  49  3:59  Starport Tech Lab  
  49  4:00  SCV x2  
  49  4:02  Barracks  
  51  4:03  Factory Tech Lab  
  51  4:11  Marine x2  
  51  4:12  Supply Depot  
  51  4:13  SCV x2  
  55  4:17  Raven  
  55  4:21  Refinery  
  57  4:24  Engineering Bay  
  57  4:27  SCV x2  
  57  4:31  Marine x2  
  60  4:38  Bunker  
  61  4:40  SCV x2  
  61  4:44  Supply Depot, Marine  
  61  4:45  Stimpack  
  62  4:52  SCV x2  
  62  4:57  Factory Reactor  
  62  4:59  Terran Infantry Weapons Level 1, Refinery, Marine x2  
  62  5:06  Starport Reactor, Marauder  
  62  5:07  Marauder  
  66  5:09  SCV x2  
  66  5:12  Supply Depot  
  68  5:17  Marine x2  
  68  5:19  Combat Shield, Supply Depot  
  70  5:23  SCV x2  
  72  5:29  Marauder x2  
  72  5:35  Marine x2  
  78  5:39  SCV  
  79  5:45  Supply Depot, Medivac x2  
  82  5:50  Marauder  
  82  5:51  Marauder  
  82  5:53  Widow Mine, Marine x2  
  82  5:55  Widow Mine  
  92  5:59  Supply Depot  
  92  6:02  Supply Depot  
  92  6:04  SCV x2  
  94  6:10  Supply Depot  
  94  6:14  Marauder x2  
  94  6:15  Marine x2  
  99  6:19  Medivac  
  99  6:20  Medivac  
  99  6:23  Widow Mine  
  99  6:24  Concussive Shells  
  104  6:28  Supply Depot  
  104  6:29  SCV  
  103  6:34  Marine x2  
  103  6:35  Marauder x2  
  107  6:52  Marine x2  
  107  6:54  Widow Mine x2  
  109  7:09  Command Center  
Show
View Real Time Build Order
Export as new Build Order

Harstem Protoss 

Build Orders: 1 Gate Expand, Blink Stalkers, Colossus Rush 

Get SALT Encoding   

  12  0:00  Probe  
  13  0:12  Probe  
  14  0:17  Pylon  
  14  0:25  Probe (Chrono Boost)  
  14  0:28  Assimilator  
  15  0:37  Probe (Chrono Boost)  
  16  0:45  Probe (Chrono Boost)  
  16  0:47  Gateway  
  17  0:51  Probe  
  18  1:03  Probe  
  19  1:15  Probe  
  20  1:22  Nexus  
  20  1:33  Cybernetics Core  
  20  1:34  Probe  
  20  1:39  Assimilator  
  21  1:46  Probe  
  22  1:50  Pylon  
  22  1:58  Probe  
  23  2:07  Adept (Chrono Boost)  
  23  2:10  Probe  
  23  2:11  Warp Gate  
  23  2:14  Twilight Council  
  26  2:23  Probe  
  26  2:29  Stalker  
  27  2:34  Probe (Chrono Boost)  
  27  2:35  Probe (Chrono Boost)  
  31  2:44  Probe x2 (Chrono Boost)  
  33  2:49  Probe (Chrono Boost)  
  33  2:51  Blink (Chrono Boost), Probe  
  35  3:02  Probe  
  35  3:04  Robotics Facility  
  35  3:05  Probe  
  37  3:14  Probe  
  37  3:15  Gateway  
  39  3:21  Probe (Chrono Boost), Gateway  
  39  3:26  Probe (Chrono Boost)  
  41  3:35  Pylon, Probe x2 (Chrono Boost)  
  41  3:40  Probe (Chrono Boost)  
  42  3:43  Probe  
  42  3:47  Pylon  
  44  3:52  Probe  
  44  3:53  Assimilator  
  44  3:54  Observer (Chrono Boost)  
  44  3:55  Probe, Assimilator  
  47  3:57  Pylon  
  47  4:04  Probe  
  47  4:05  Stalker  
  47  4:07  Observer (Chrono Boost)  
  47  4:08  Pylon  
  51  4:10  Robotics Bay  
  51  4:11  Probe  
  52  4:18  Stalker  
  52  4:19  Probe  
  52  4:23  Probe  
  56  4:24  Stalker  
  58  4:32  Observer  
  59  4:40  Nexus  
  58  4:46  Stalker  
  60  4:59  Probe  
  61  5:00  Probe  
  61  5:04  Colossus (Chrono Boost)  
  62  5:11  Probe  
  62  5:12  Probe  
  70  5:19  Forge  
  70  5:21  Extended Thermal Lance  
  70  5:23  Pylon  
  70  5:26  Probe  
  71  5:28  Probe  
  71  5:29  Sentry  
  74  5:38  Probe  
  74  5:40  Probe  
  74  5:42  Pylon  
  74  5:48  Gateway  
  74  5:51  Gateway  
  74  5:55  Colossus (Chrono Boost)  
  74  5:58  Probe  
  74  5:59  Probe  
  74  6:01  Probe  
  83  6:10  Probe  
  83  6:11  Probe  
  85  6:14  Shield Battery  
  85  6:17  Zealot x3  
  91  6:23  Photon Cannon  
  91  6:34  Probe  
  91  6:35  Pylon  
  91  6:38  Stalker x3  
  96  6:46  Probe  
  94  6:53  Photon Cannon  
  92  7:03  Stalker x3  
  92  7:05  Zealot x2  
Tags
 
Add a new tag
Caveats
  • Supply blocks, unpowered buildings, or Contaminate may cause inaccurate times.
  • Supply counts are checked every 10 seconds.